SR
FRANKLIN FIRE @ QUEBEC CITY BABY BLUES
05/08/2038
 
TOP OF THE 1ST
Franklin Fire batting - Pitching for Quebec City Baby Blues : LHP Cooper Carroll
Pitching: LHP Cooper Carroll
Batting: RHB Tucker Sanford 0-0: Swinging Strike
0-1: Foul Ball, location: 2F
0-2: SINGLE (Groundball, 56D, EV 105.0 MPH)
Batting: LHB Jorge Mateu 0-0: Foul Ball, location: 2F
0-1: Fly out, F7 (Flyball, 7S, EV 78.1 MPH)
Batting: RHB Nick McGhee 0-0: Called Strike
0-1: Ball
1-1: Swinging Strike
1-2: Foul Ball, location: 2F
1-2: Ball
2-2: Strikes out looking
Batting: RHB Alejandro González 0-0: Ball
1-0: Swinging Strike
1-1: Ground out 6-3 (Groundball, 6, EV 85.0 MPH)
Top of the 1st over - 0 runs, 1 hit, 0 errors, 1 left on base; Franklin 0 - Quebec City 0
BOTTOM OF THE 1ST
Quebec City Baby Blues batting - Pitching for Franklin Fire : LHP Biff Pocoroba
Pitching: LHP Biff Pocoroba
Batting: RHB Juan Oleastro 0-0: DOUBLE (Flyball, 8LXD, EV 84.4 MPH)
Batting: LHB Quitério Ruah 0-0: Ball
1-0: Called Strike
1-1: Foul Ball, location: 2F
1-2: Strikes out swinging
Batting: RHB Clarence Sloan 0-0: Ball
1-0: Foul Ball, location: 2F
1-1: Called Strike
1-2: Foul Ball, location: 2F
1-2: Foul Ball, location: 2F
1-2: Foul Ball, location: 2F
1-2: Ball
2-2: Strikes out swinging
Batting: RHB Todd Walker 0-0: Called Strike
0-1: Foul Ball, location: 2F
0-2: Fly out, F4 (Popup, 3D, EV 60.6 MPH)
Bottom of the 1st over - 0 runs, 1 hit, 0 errors, 1 left on base; Franklin 0 - Quebec City 0
TOP OF THE 2ND
Franklin Fire batting - Pitching for Quebec City Baby Blues : LHP Cooper Carroll
Batting: RHB Charlie Yaeger 0-0: Swinging Strike
0-1: Ball
1-1: Fly out, F8 (Flyball, 8RS, EV 81.9 MPH)
Batting: RHB Mario Gutiérrez 0-0: Ball
1-0: Called Strike
1-1: Swinging Strike
1-2: Foul Ball, location: 2F
1-2: SINGLE (Groundball, 4MD, EV 99.4 MPH)
Batting: SHB Roberto Arroyo 0-0: Ball
1-0: Called Strike
1-1: Ball
2-1: Ball
3-1: Called Strike
3-2: DOUBLE (Line Drive, 89XD, EV 101.2 MPH)
Mario Gutiérrez to third
Runner from 3rd tries for Home, SAFE, throw by CF to trailing runner, SAFE at third!
Batting: RHB Randy Baker 0-0: Ball
1-0: Called Strike
1-1: Ball
2-1: Foul Ball, location: 2F
2-2: Fly out, F9 (Flyball, 9D, EV 96.2 MPH)
Runner from 3rd tags up, SCORES, throw by RF
Batting: SHB Millard Jones 0-0: Fly out, F4 (Line Drive, 4, EV 68.8 MPH)
Top of the 2nd over - 2 runs, 2 hits, 0 errors, 0 left on base; Franklin 2 - Quebec City 0
BOTTOM OF THE 2ND
Quebec City Baby Blues batting - Pitching for Franklin Fire : LHP Biff Pocoroba
Batting: RHB Kawenaula Alohalani 0-0: Called Strike
0-1: Ball
1-1: Ball
2-1: Ground out 6-3 (Groundball, 6, EV 93.8 MPH)
Batting: LHB Walker Ragland 0-0: Ground out U3 (Groundball, 3, EV 106.2 MPH)
Batting: RHB Doug Chapman 0-0: Ball
1-0: Ball
2-0: Fly out, F8 (Flyball, 78S, EV 86.9 MPH)
Bottom of the 2nd over - 0 runs, 0 hits, 0 errors, 0 left on base; Franklin 2 - Quebec City 0
TOP OF THE 3RD
Franklin Fire batting - Pitching for Quebec City Baby Blues : LHP Cooper Carroll
Batting: RHB Tucker Sanford 0-0: Ball
1-0: SINGLE (Line Drive, 7LS, EV 101.9 MPH)
Batting: LHB Jorge Mateu 0-0: Ball
1-0: Foul Ball, location: 2F
1-1: Swinging Strike
1-2: Ball
2-2: Ball
3-2: Base on Balls
Tucker Sanford to second
Batting: RHB Nick McGhee 0-0: Ball
1-0: Ball
2-0: Swinging Strike
2-1: Foul Ball, location: 2F
2-2: SINGLE (Flyball, 9S, EV 95.0 MPH)
Tucker Sanford to third
Jorge Mateu to second
Batting: RHB Alejandro González 0-0: Swinging Strike
0-1: Swinging Strike
0-2: Ball
1-2: Strikes out looking
Batting: RHB Charlie Yaeger 0-0: Ball
1-0: Called Strike
1-1: Ball
2-1: Ball
3-1: SINGLE (Groundball, 6MS, EV 83.8 MPH) (infield hit)
Tucker Sanford scores
Jorge Mateu to third
Nick McGhee to second
Batting: RHB Mario Gutiérrez 0-0: TRIPLE (Flyball, 78XD, EV 98.8 MPH)
Jorge Mateu scores
Nick McGhee scores
Charlie Yaeger scores
Pitching: RHP Jesús Ortíz
Batting: SHB Roberto Arroyo 0-0: Called Strike
0-1: Swinging Strike
0-2: Strikes out swinging
Batting: RHB Randy Baker 0-0: Called Strike
0-1: Ground out 6-3 (Groundball, 6, EV 103.8 MPH)
Top of the 3rd over - 4 runs, 4 hits, 0 errors, 1 left on base; Franklin 6 - Quebec City 0
BOTTOM OF THE 3RD
Quebec City Baby Blues batting - Pitching for Franklin Fire : LHP Biff Pocoroba
Batting: RHB Óscar Cardozo 0-0: Swinging Strike
0-1: Swinging Strike
0-2: Strikes out swinging, 2-3 out at first.
Batting: RHB Dick Barnett 0-0: Ball
1-0: Called Strike
1-1: SINGLE (Groundball, 6MD, EV 101.2 MPH)
Batting: RHB Juan Oleastro 0-0: Swinging Strike
0-1: Ball
Wild Pitch!
Dick Barnett to second
1-1: Foul Ball, location: 2F
1-2: Strikes out swinging
Batting: LHB Quitério Ruah 0-0: Ball
1-0: Ground out 4-3 (Groundball, 4, EV 87.5 MPH)
Bottom of the 3rd over - 0 runs, 1 hit, 0 errors, 1 left on base; Franklin 6 - Quebec City 0
TOP OF THE 4TH
Franklin Fire batting - Pitching for Quebec City Baby Blues : RHP Jesús Ortíz
Batting: SHB Millard Jones 0-0: Ball
1-0: Ball
2-0: Ball
3-0: Called Strike
3-1: Swinging Strike
3-2: DOUBLE (Line Drive, 78D, EV 101.2 MPH)
Batting: RHB Tucker Sanford 0-0: Foul Ball, location: 2F
0-1: Ball
1-1: Foul Ball, location: 2F
1-2: Strikes out swinging
Batting: LHB Jorge Mateu 0-0: Fly out, F7 (Flyball, 7, EV 95.0 MPH)
Batting: RHB Nick McGhee 0-0: Called Strike
0-1: Called Strike
0-2: Foul Ball, location: 2F
0-2: Fly out, F8 (Flyball, 8LM, EV 91.2 MPH)
Top of the 4th over - 0 runs, 1 hit, 0 errors, 1 left on base; Franklin 6 - Quebec City 0
BOTTOM OF THE 4TH
Quebec City Baby Blues batting - Pitching for Franklin Fire : LHP Biff Pocoroba
Batting: RHB Clarence Sloan 0-0: Called Strike
0-1: Ball
1-1: Ball
2-1: SINGLE (Groundball, 4MD, EV 101.9 MPH)
Batting: RHB Todd Walker 0-0: Foul Ball, location: 2F
0-1: Swinging Strike
0-2: Ball
1-2: Strikes out swinging
Batting: RHB Kawenaula Alohalani 0-0: Fly out, F8 (Flyball, 8RS, EV 80.0 MPH)
Batting: LHB Walker Ragland 0-0: Ball
1-0: Called Strike
1-1: Swinging Strike
1-2: Ball
2-2: Strikes out swinging
Bottom of the 4th over - 0 runs, 1 hit, 0 errors, 1 left on base; Franklin 6 - Quebec City 0
TOP OF THE 5TH
Franklin Fire batting - Pitching for Quebec City Baby Blues : RHP Jesús Ortíz
Batting: RHB Alejandro González 0-0: SINGLE (Groundball, 4MS, EV 88.8 MPH) (infield hit)
Batting: RHB Charlie Yaeger 0-0: Called Strike
0-1: Ball
1-1: Fly out, F8 (Flyball, 8LD, EV 110.6 MPH)
Batting: RHB Mario Gutiérrez 0-0: Fielders Choice at 2nd, 1-6 (Groundball, 13, EV 71.9 MPH)
Batting: SHB Roberto Arroyo 0-0: Ball
1-0: Called Strike
1-1: Fly out, F1 (Line Drive, P, EV 68.1 MPH)
Top of the 5th over - 0 runs, 1 hit, 0 errors, 1 left on base; Franklin 6 - Quebec City 0
BOTTOM OF THE 5TH
Quebec City Baby Blues batting - Pitching for Franklin Fire : LHP Biff Pocoroba
Batting: RHB Doug Chapman 0-0: Ground out 6-3 (Groundball, 6, EV 96.9 MPH)
Batting: RHB Óscar Cardozo 0-0: Called Strike
0-1: Ball
1-1: Ball
2-1: Fly out, F7 (Flyball, 7S, EV 96.2 MPH)
Batting: RHB Dick Barnett 0-0: Ball
1-0: Foul Ball, location: 2F
1-1: Foul Ball, location: 2F
1-2: Ball
2-2: Strikes out swinging, 2-3 out at first.
Bottom of the 5th over - 0 runs, 0 hits, 0 errors, 0 left on base; Franklin 6 - Quebec City 0
TOP OF THE 6TH
Franklin Fire batting - Pitching for Quebec City Baby Blues : RHP Jesús Ortíz
Batting: RHB Randy Baker 0-0: Called Strike
0-1: Ball
1-1: Ball
2-1: Ball
3-1: Called Strike
3-2: SINGLE (Groundball, 6D, EV 105.0 MPH)
Batting: SHB Millard Jones 0-0: Called Strike
0-1: Ball
1-1: Ball
2-1: Foul Ball, location: 2F
2-2: Strikes out swinging
Batting: RHB Tucker Sanford 0-0: Grounds into double play, 4-6-3 (Groundball, 34, EV 103.1 MPH)
Top of the 6th over - 0 runs, 1 hit, 0 errors, 0 left on base; Franklin 6 - Quebec City 0
BOTTOM OF THE 6TH
Quebec City Baby Blues batting - Pitching for Franklin Fire : LHP Biff Pocoroba
Batting: RHB Juan Oleastro 0-0: Ball
1-0: Fly out, F8 (Flyball, 8RM, EV 89.4 MPH)
Batting: LHB Quitério Ruah 0-0: Ball
1-0: Foul Ball, location: 2F
1-1: Fly out, F9 (Flyball, 89M, EV 87.5 MPH)
Batting: RHB Clarence Sloan 0-0: Called Strike
0-1: Called Strike
0-2: Ball
1-2: Strikes out swinging
Bottom of the 6th over - 0 runs, 0 hits, 0 errors, 0 left on base; Franklin 6 - Quebec City 0
TOP OF THE 7TH
Franklin Fire batting - Pitching for Quebec City Baby Blues : RHP Jesús Ortíz
Batting: LHB Jorge Mateu 0-0: Ball
1-0: Foul Ball, location: 2F
1-1: Ground out U3 (Groundball, 34, EV 102.5 MPH)
Batting: RHB Nick McGhee 0-0: Ball
1-0: Foul Ball, location: 2F
1-1: Ball
2-1: Ground out 5-3 (Groundball, 56S, EV 88.8 MPH)
Batting: RHB Alejandro González 0-0: Foul Ball, location: 2F
0-1: Ball
1-1: Foul Ball, location: 2F
1-2: Strikes out swinging
Top of the 7th over - 0 runs, 0 hits, 0 errors, 0 left on base; Franklin 6 - Quebec City 0
BOTTOM OF THE 7TH
Quebec City Baby Blues batting - Pitching for Franklin Fire : LHP Biff Pocoroba
Batting: RHB Todd Walker 0-0: Foul Ball, location: 2F
0-1: Called Strike
0-2: Ball
1-2: Strikes out swinging
Batting: RHB Kawenaula Alohalani 0-0: Ground out 6-3 (Groundball, 6, EV 85.0 MPH)
Batting: LHB Walker Ragland 0-0: Foul Ball, location: 2F
0-1: Swinging Strike
0-2: Strikes out swinging
Bottom of the 7th over - 0 runs, 0 hits, 0 errors, 0 left on base; Franklin 6 - Quebec City 0
TOP OF THE 8TH
Franklin Fire batting - Pitching for Quebec City Baby Blues : RHP Jesús Ortíz
Batting: RHB Charlie Yaeger 0-0: Ball
1-0: Called Strike
1-1: Swinging Strike
1-2: Foul Ball, location: 2F
1-2: Ball
2-2: Strikes out looking
Batting: RHB Mario Gutiérrez 0-0: Ball
1-0: Ball
2-0: Swinging Strike
2-1: Foul Ball, location: 2F
2-2: Ball
3-2: Strikes out looking
Batting: SHB Roberto Arroyo 0-0: DOUBLE (Line Drive, 89D, EV 114.4 MPH)
Batting: RHB Randy Baker 0-0: Swinging Strike
0-1: Ball
1-1: Foul Ball, location: 2F
1-2: Strikes out swinging
Top of the 8th over - 0 runs, 1 hit, 0 errors, 1 left on base; Franklin 6 - Quebec City 0
BOTTOM OF THE 8TH
Quebec City Baby Blues batting - Pitching for Franklin Fire : LHP Biff Pocoroba
Batting: RHB Doug Chapman 0-0: Ball
1-0: Ball
2-0: Ball
3-0: Called Strike
3-1: Fly out, F9 (Flyball, 9LS, EV 90.6 MPH)
Batting: RHB Óscar Cardozo 0-0: Fly out, F8 (Line Drive, 8RD, EV 83.1 MPH)
Batting: RHB Dick Barnett 0-0: Ball
1-0: Ball
2-0: Foul Ball, location: 2F
2-1: Foul Ball, location: 2F
2-2: Strikes out swinging
Bottom of the 8th over - 0 runs, 0 hits, 0 errors, 0 left on base; Franklin 6 - Quebec City 0
TOP OF THE 9TH
Franklin Fire batting - Pitching for Quebec City Baby Blues : RHP Jesús Ortíz
Batting: SHB Millard Jones 0-0: Ground out 4-3 (Groundball, 4, EV 98.1 MPH)
Pitching: RHP Jack Elvidge
Batting: RHB Tucker Sanford 0-0: Called Strike
0-1: Foul Ball, location: 2F
0-2: Ball
1-2: Foul Ball, location: 2F
1-2: Ground out 6-3 (Groundball, 6, EV 85.6 MPH)
Batting: LHB Jorge Mateu 0-0: Ball
1-0: Foul Ball, location: 2F
1-1: Called Strike
1-2: Strikes out swinging
Top of the 9th over - 0 runs, 0 hits, 0 errors, 0 left on base; Franklin 6 - Quebec City 0
BOTTOM OF THE 9TH
Quebec City Baby Blues batting - Pitching for Franklin Fire : LHP Biff Pocoroba
Batting: RHB Juan Oleastro 0-0: Ball
1-0: Ground out 1-3 (Groundball, 34S, EV 76.9 MPH)
Batting: LHB Quitério Ruah 0-0: Ball
1-0: DOUBLE (Line Drive, 89D, EV 110.6 MPH)
Batting: RHB Clarence Sloan 0-0: Called Strike
0-1: Ground out 2-3 (Groundball, 2L, EV 73.8 MPH)
Quitério Ruah to third
Batting: RHB Todd Walker 0-0: Called Strike
0-1: Ball
1-1: Fly out, F7 (Flyball, 7LS, EV 84.4 MPH)
Bottom of the 9th over - 0 runs, 1 hit, 0 errors, 1 left on base; Franklin 6 - Quebec City 0
Friday, April 17th, 2020 - OOTP Baseball 20.8 Build 74